 Dungeon Crawl Stone Soup version 0.26-a0-158-g66bac3cce0 (webtiles) character file.

Game seed: 240632146891442551

375 gruber the Cleaver (level 6, 0/51 HPs)
             Began as a Minotaur Fighter on July 2, 2020.
             Slain by an ice beast (7 damage)
             ... on level 4 of the Dungeon.
             The game lasted 00:02:43 (3132 turns).

gruber the Cleaver (Minotaur Fighter)               Turns: 3132, Time: 00:02:44

Health: 0/51       AC: 10    Str: 22    XL:     6   Next: 44%
Magic:  5/5        EV:  7    Int:  5    God:
Gold:   92         SH:  9    Dex: 10    Spells: 5/5 levels left

rFire    . . .     SeeInvis .   a - +0 war axe
rCold    . . .     Faith    .   c - +0 kite shield
rNeg     . . .     Spirit   .   b - +0 scale mail
rPois    +         Reflect  .   (helmet restricted)
rElec    .         Harm     .   s - +0 cloak (curse)
rCorr    .                      o - +0 pair of gloves
MR       .....                  g - +0 pair of boots
Stlth    ..........             (no amulet)
HPRegen  0.17/turn              l - ring of attention (curse)
MPRegen  0.09/turn              m - ring of poison resistance

@: mighty
A: retaliatory headbutt, horns 2
a: no special abilities


You were on level 4 of the Dungeon.
You were not hungry.

You visited 1 branch of the dungeon, and saw 4 of its levels.

You collected 92 gold pieces.

Inventory:

Hand Weapons
 a - a +0 war axe (weapon)
 r - a +2 dagger of venom
 u - a +2 mace of holy wrath
Armour
 b - a +0 scale mail (worn)
 c - a +0 kite shield (worn)
 g - a +0 pair of boots (worn)
 o - a +0 pair of gloves (worn)
 s - a cursed +0 cloak (worn)
Jewellery
 l - a cursed ring of attention (left hand)
 m - a ring of poison resistance (right hand)
Wands
 n - a wand of polymorph (9)
Scrolls
 e - 2 scrolls of random uselessness {unknown}
 h - 4 scrolls of identify {unknown}
 k - 2 scrolls of teleportation {unknown}
 p - a scroll of enchant armour {unknown}
 q - a scroll of remove curse {unknown}
Potions
 i - a potion of stabbing {unknown}
 j - 2 potions of degeneration {unknown}
Comestibles
 f - 3 rations
 t - a chunk of flesh


   Skills:
 - Level 3.6 Fighting
 + Level 8.4 Axes
 - Level 3.6 Armour
 - Level 3.6 Shields


You had 5 spell levels left.
You didn't know any spells.
Your spell library was empty.

Dungeon Overview and Level Annotations

Branches:
Dungeon (4/15)
 Temple: D:4-7

Altars:
Zin

Shops:
D:2 *


Innate Abilities, Weirdness & Mutations

You reflexively headbutt those who attack you in melee.
You have a pair of horns on your head.


Message History

Unknown command.
A magic dart appears from out of thin air!
The magic dart hits you.
* * * LOW HITPOINT WARNING * * *
You feel very mighty all of a sudden. The ice beast closely misses you.
Unknown command.
Unknown command.
You hit the ice beast.
The ice beast is heavily wounded.
The ice beast hits you but does no damage.
You closely miss the ice beast.
The ice beast is heavily wounded.
The ice beast hits you but does no damage.
You closely miss the ice beast.
The ice beast is heavily wounded.
The ice beast hits you.
* * * LOW HITPOINT WARNING * * *
The ice beast freezes you!
You die...

## .. .###
####.....
#........ #@#
#Y#
......){)....%.
#..###...####.#
..### ... ....
..... .)....


You could see an ice beast.

Vanquished Creatures
  An ogre (D:4)
  A bullfrog zombie (D:3)
  Crazy Yiuf (D:3)
  Terence (D:3)
  Robin (D:3)
  4 gnolls (D:3)
  6 adders
  2 worms (D:2)
  4 dart slugs
  2 leopard geckos
  4 orcs
  A ball python (D:1)
  A giant cockroach (D:1)
  10 goblins
  14 hobgoblins
  6 jackals
  2 bats
  4 frilled lizards
  11 kobolds
  4 rats
80 creatures vanquished.

Notes
Turn   | Place    | Note
-------+----------+-------------------------------------------
     0 | D:1      | gruber the Minotaur Fighter began the quest for the Orb.
     0 | D:1      | Reached XP level 1. HP: 19/19 MP: 0/0
   166 | D:1      | Reached skill level 3 in Axes
   253 | D:1      | Reached XP level 2. HP: 26/26 MP: 1/1
   511 | D:1      | Reached skill level 4 in Axes
   532 | D:1      | Reached XP level 3. HP: 19/31 MP: 2/2
  1039 | D:2      | Reached skill level 5 in Axes
  1097 | D:2      | Found Zin's Purification Station.
  1106 | D:2      | Found a glowing silver altar of Zin.
  1268 | D:2      | Reached XP level 4. HP: 36/39 MP: 3/3
  1740 | D:3      | Reached skill level 6 in Axes
  1854 | D:3      | Found a runed translucent door.
  1855 | D:3      | Noticed Crazy Yiuf
  1877 | D:3      | Noticed Robin
  1905 | D:3      | Killed Robin
  1905 | D:3      | Reached XP level 5. HP: 44/45 MP: 4/4
  2459 | D:3      | Noticed Terence
  2472 | D:3      | Killed Terence
  2472 | D:3      | Reached skill level 7 in Axes
  3051 | D:3      | Killed Crazy Yiuf
  3051 | D:3      | Reached XP level 6. HP: 46/51 MP: 5/5
  3117 | D:4      | Noticed an ice beast
  3125 | D:4      | Reached skill level 8 in Axes
  3132 | D:4      | Slain by an ice beast

Illustrated notes

Levels and vault maps discovered:
D:1:      co_arrival_hexagon_in_a_hexagon, layout_loops_ring
D:2:      layout_basic, zin_purify
D:3:      layout_basic, minmay_misc_feat_square, minmay_stone_trees_medium,
          uniq_robin, uniq_crazy_yiuf_cottage, uniq_terence
D:4:      layout_rooms, nicolae_overflow_hidden_temple,
          gammafunk_temple_overflow_claw, first_ration,
          kennysheep_generic_room_10

Skill      XL: |  1  2  3  4  5  6 |
---------------+-------------------+-----
Axes           | 3 4 5 6 7 8 |  8.4
Fighting       | |  3.6
Armour         | |  3.6
Shields        | |  3.6

Action                   |  1- 3 |  4- 6 || total
-------------------------+-------+-------++-------
Melee: War axe           |    96 |   102 ||   198
       Headbutt          |    13 |    14 ||    27
  Use: Potion            |       |     1 ||     1
  Eat: Chunk             |     1 |     6 ||     7
Armor: Scale mail        |    48 |    53 ||   101
Dodge: Dodged            |    24 |    27 ||    51
Block: Kite shield       |    49 |    53 ||   102

Table legend:
 A = Non-vault XP
 B = Vault XP
 C = Vault XP percentage of total XP
 D = Non-vault monster count
 E = Vault monster count
 F = Vault count percentage of total count
                 A         B        C        D         E       F
            +---------+---------+-------+---------+---------+-------
      Total |     433 |     104 |  19.4 |      71 |       9 |  11.2
            +---------+---------+-------+---------+---------+-------
        D:1 |      52 |       0 |   0.0 |      28 |       0 |   0.0
        D:2 |      63 |       0 |   0.0 |      12 |       0 |   0.0
        D:3 |     178 |     104 |  36.9 |      26 |       9 |  25.7
        D:4 |     140 |       0 |   0.0 |       5 |       0 |   0.0
            +---------+---------+-------+---------+---------+-------
